Unix NetHack Version 5.0.0-0 post-release - last build May 31 2026 23:59:36 (970b52f25bf058293b47ddfd14a1e40e571c508c,branch:main).

Game began 2026-05-24 16:40:11, ended 2026-06-03 15:10:12.

Anarchos, lawful female dwarven Valkyrie

  }
  }
  }------
  }|....|
  }|...}|
  }|...}|
  }|...}|                                                       @
  }|.^..|                                                           -----
  }|....|                                                           |.f.|
  }|....|                                                      m  SS|.@N|
  }|..<^|                                                           |@f.|
  }|....|                                                      @f   |.@.|A
  }|....|                                                       f   -----
  }|.(..|                                                          @
  .-....|
  }|....|
  }|....|
  }------
  }
  }

Anarchos the Warrior        St:25 Dx:14 Co:19 In:7 Wi:14 Ch:8  Lawful
Dlvl:22 $:171 HP:0(234) Pw:34(42) AC:-10 Xp:14/90374 T:52463 

Latest messages:
 The titan picks up 45 rocks.
 What do you want to use or apply? [msuwyzHKW or ?*] w
 You produce a strange whistling sound.
 Three creatures shift locations.
 What do you want to use or apply? [msuwyzHKW or ?*] w
 You produce a strange whistling sound.
 Three creatures shift locations.
 The large cat drops a small shield.
 You climb up the stairs.
 You descend the stairs.
 You climb up the stairs.
 The titan drops 45 rocks.
 What do you want to use or apply? [msuwyzHKW or ?*] w
 You produce a strange whistling sound.
 Three creatures shift locations.
 Where do you want to travel to?
 (For instructions type a '?')
 You swap places with your large cat.
 Where do you want to travel to?
 (For instructions type a '?')
 Where do you want to travel to?
 (For instructions type a '?')
 Your large cat steps reluctantly onto a beaked polearm.
 With great effort you move the boulder.
 d - a knife.
 Where do you want to travel to?
 (For instructions type a '?')
 Where do you want to be teleported?
 (For instructions type a '?')
 You materialize in the same location!
 What do you want to use or apply? [msuwyzHKW or ?*] w
 You produce a strange whistling sound.
 Three creatures shift locations.
 You climb up the stairs.
 There is a statue of a knight named Perseus here, but you cannot lift any more.
 There is a staircase down to level 23 here.
 You see here a statue of a knight named Perseus.
 You stop.  The black naga is in the way!
 You swap places with the peaceful black naga.
 The large cat misses the black naga.
 The large cat bites the black naga.
 You can't go down here.
 You begin bashing monsters with your blue gem.
 You hit Medusa!
 Medusa wakes up!
 Medusa hisses!
 The large cat misses the black naga.
 You meet Medusa's gaze.
 You turn to stone...
 Do you want your possessions identified? [ynq] (y) q

Inventory:
 Coins    ('$')
  $ - 171 gold pieces
 Amulets  ('"')
  l - an uncursed amulet of ESP (being worn)
 Weapons  (')')
  I - a +0 dagger
  d - a +0 knife
  Z - a +0 elven broadsword
  E - the blessed rustproof +4 Mjollnir
 Armor    ('[')
  C - a blessed greased +0 dwarvish iron helm (being worn)
  T - an uncursed +0 orcish helm
  V - a blessed greased rustproof +4 pair of gauntlets of power (being worn)
  X - an uncursed +0 orcish shield
  A - a blessed +0 shield of reflection
  U - a blessed greased thoroughly burnt +3 small shield (being worn)
  F - a blessed greased thoroughly burnt +0 cloak of protection (being worn)
  Y - an uncursed +0 elven cloak
  p - a blessed +1 gray dragon scale mail (being worn)
 Scrolls  ('?')
  R - an uncursed scroll of teleportation
 Potions  ('!')
  S - an uncursed potion of hallucination
 Rings    ('=')
  q - a blessed +2 ring of gain strength
  D - a blessed +1 ring of increase accuracy
  N - an uncursed -1 ring of increase damage
  r - an uncursed ring of invisibility
  n - a cursed ring of polymorph
  v - an uncursed ring of protection from shape changers
  k - an uncursed ring of sustain ability
  B - an uncursed ring of teleport control (on left hand)
  j - an uncursed ring of teleportation (on right hand)
 Wands    ('/')
  H - a wand of wishing (0:0)
 Tools    ('(')
  y - a blessed bag of holding containing 70 items
  z - an empty blessed greased sack
  m - an empty uncursed sack
  W - the Bell of Opening (0:3)
  K - a blessed greased magic lamp (lit)
  w - a blessed magic whistle
  s - an uncursed skeleton key
  u - a +0 unicorn horn
 Gems/Stones  ('*')
  O - an uncursed emerald
  a - an uncursed worthless piece of blue glass (wielded)
  b - an uncursed worthless piece of green glass
  P - an uncursed worthless piece of orange glass
  Q - an uncursed worthless piece of red glass
  c - 2 uncursed worthless pieces of violet glass
  G - 2 uncursed worthless pieces of yellow glass

Contents of the bag of holding:
  14200 gold pieces
  a +2 long sword
  a +0 silver saber
  a +3 silver saber
  a blessed greased +1 helmet
  an uncursed +0 mummy wrapping
  a blessed +1 dwarvish mithril-coat
  5 uncursed bananas
  9 uncursed eucalyptus leaves
  4 uncursed food rations
  6 uncursed kelp fronds
  2 uncursed oranges
  8 uncursed pears
  2 uncursed lizard corpses
  3 blessed scrolls of blank paper
  4 uncursed scrolls of blank paper
  2 blessed scrolls of earth
  2 uncursed scrolls of earth
  a cursed scroll of charging
  2 uncursed scrolls of create monster
  an uncursed scroll of destroy armor
  a cursed scroll of destroy armor
  an uncursed scroll of fire
  a cursed scroll of fire
  an uncursed scroll of light
  2 cursed scrolls of magic mapping
  3 blessed scrolls of teleportation
  an uncursed scroll of teleportation
  an uncursed potion of booze
  an uncursed potion of fruit juice
  a cursed potion of fruit juice
  2 uncursed potions of hallucination
  an uncursed potion of levitation
  3 cursed potions of levitation
  5 uncursed potions of monster detection
  a cursed potion of monster detection
  an uncursed potion of object detection
  a blessed potion of paralysis
  3 uncursed potions of paralysis
  2 uncursed potions of sickness
  an uncursed potion of sleeping
  a cursed ring of regeneration
  an uncursed ring of stealth
  a wand of cold (0:4)
  a blessed wand of digging (0:5)
  a wand of digging (0:4)
  a wand of digging (0:4)
  a wand of digging (0:5)
  a wand of fire (0:1)
  a wand of fire (0:7)
  a wand of lightning (0:7)
  a wand of magic missile (0:4)
  a wand of make invisible (0:4)
  a wand of secret door detection (0:14)
  a wand of speed monster (0:6)
  a wand of speed monster (0:4)
  a wand of speed monster (0:2)
  a wand of teleportation (0:6)
  a wand of teleportation (0:6)
  a wand of teleportation (0:6)
  a wand of teleportation (0:7)
  a fire horn (0:3)
  an uncursed wooden flute
  a can of grease (0:0)
  an uncursed mirror
  a blessed oil lamp
  a +0 pick-axe
  5 uncursed diamonds
  9 uncursed fluorite stones
  a blessed luckstone

Anarchos the Valkyrie's attributes:

Background:
 You were a Warrior, a level 14 dwarven Valkyrie.
 You were lawful, on a mission for Tyr
 who was opposed by Odin (neutral) and Loki (chaotic).
 You were right-handed.
 You were in the Dungeons of Doom, on level 22.
 You entered the dungeon 52463 turns ago.
 You had 90374 experience points, 69626 more were needed to attain level 15.

Basics:
 You had 0 out of 234 hit points.
 You had 34 out of 42 energy points (spell power).
 Your armor class was -10.
 Your wallet contained 171 zorkmids, and
 you had 14200 more stashed away in your pack.
 Autopickup was on for all types.

Final Characteristics:
 Your strength was 25 (base:18/32, peak:18/33, innate limit:18/100).
 Your dexterity was 14 (limit:20).
 Your constitution was 19 (limit:20).
 Your intelligence was 7 (limit:16).
 Your wisdom was 14 (limit:16).
 Your charisma was 8 (limit:16).

Final Status:
 You weren't hungry.
 You were unencumbered.
 You were wielding a gem.

Final Attributes:
 You were piously aligned.
 You were magic-protected.
 You were fire resistant.
 You were cold resistant.
 You were sleep resistant.
 You were poison resistant.
 You saw invisible.
 You were telepathic.
 You had infravision.
 You were stealthy.
 You could teleport.
 You had teleport control.
 You were protected.
 You were fast.
 You are dead.

Miscellaneous:
 You encountered 1 bones level.
 Total elapsed playing time was 2 days, 15 minutes and 18 seconds.

Major events:
 Turn
    1: Anarchos the lawful dwarven Valkyrie entered the dungeon
  596: entered the Gnomish Mines
  848: attained the rank of Skirmisher (level 3)
 1493: reached Mine Town
 1716: made her first wish - "blessed fixed +4 gray dragon scale mail", got "a gray dragon scale mail"
 2082: attained the rank of Fighter (level 6)
 3555: acquired the Mines' End luckstone
 4551: Karangkobar, the delicatessen proprietor, has been killed
 5576: Hebiwerie, the general store proprietor, has been killed
 5735: Telloc Cyaj, the hardware store proprietor, has been killed
 5830: Izchak, the lighting store proprietor, has been killed
 6216: Siirt, the used armor dealership proprietrix, has been killed
 6368: Angmagssalik, the general store proprietor, has been killed
 7318: was bestowed with Mjollnir by Tyr
 8591: the Oracle has been killed
 8758: Semai, the delicatessen proprietor, has been killed
10512: Possogroenoe, the general store proprietrix, has been killed
10869: entered the Bigroom
12654: entered Home 1, the Quest
12690: attained the rank of Woman-at-arms (level 10)
13295: Zum Loch, the liquor emporium proprietrix, has been killed
13857: was bestowed with Ogresmasher by Tyr
15023: wished for "blessed fixed +4 gray dragon scale mail", got "a gray dragon scale mail"
19628: entered Sokoban
19889: completed 1st Sokoban level
20145: completed 2nd Sokoban level
20403: completed 3rd Sokoban level
21561: completed 4th Sokoban level
21684: acquired the Sokoban amulet of reflection
25949: wished for "blessed fixed +4 gauntlets of power", got "a pair of old gloves"
33024: performed her first genocide (minotaurs)
33025: genocided electric eels
44575: attained the rank of Warrior (level 14)
47493: the Norn has granted access to proceed deeper into the quest
47621: entered Home 2, the Quest
48027: entered Home 3, the Quest
48511: entered Home 4, the Quest
48734: entered Home 5, the Quest
49058: entered Home 6, the Quest
49413: found the Orb of Fate on the floor
49475: killed Lord Surtur
49481: acquired the Bell of Opening
52160: wished for "blessed fixed bag of holding", got "a bag"
52463: petrified by Medusa

Spells:
 Name                 Level Category     Fail Retention
 knock                  1   matter       100%    (gone)
 light                  1   divination   100%    (gone)
 slow monster           2   enchantment  100%    (gone)
 extra healing          3   healing      100%    (gone)
 jumping                1   escape       100%    (gone)
 chain lightning        2   attack       100%    (gone)
 create monster         2   clerical     100%   51%-75%
 clairvoyance           3   divination   100%   26%-50%

Skills:
 Fighting Skills
   bare handed combat [Basic]
   two weapon combat  [Unskilled]
   riding             [Unskilled]
 Weapon Skills
   dagger             [Basic]
   axe                [Unskilled]
   pick-axe           [Unskilled]
   short sword        [Unskilled]
   broadsword         [Unskilled]
   long sword         [Skilled]
   two-handed sword   [Unskilled]
   saber              [Unskilled]
   hammer             [Expert]
   quarterstaff       [Unskilled]
   polearms           [Unskilled]
   spear              [Skilled]
   trident            [Unskilled]
   lance              [Unskilled]
   sling              [Unskilled]
 Spellcasting Skills
   attack spells      [Unskilled]
   escape spells      [Unskilled]

Voluntary challenges:
 Character rerolling was not enabled.
 You genocided 2 types of monsters.
 You never polymorphed an object.
 You used 4 wishes.
 You did not wish for any artifacts.
 You violated the special Sokoban rules 20 times.
Achievements:
 You entered a shop.
 You entered the Gnomish Mines.
 You attained the rank of Skirmisher.
 You entered Minetown.
 You entered a temple.
 You attained the rank of Fighter.
 You completed the Gnomish Mines.
 You entered the Big Room.
 You attained the rank of Woman-at-arms.
 You entered Sokoban.
 You completed Sokoban.
 You learned the tune to open and close the Castle's drawbridge.
 You attained the rank of Warrior.
 You had the Bell of Opening.

 The Dungeons of Doom: levels 1 to 25
    Level 1:
    Level 2:
       An armor shop.
       Stairs down to The Gnomish Mines.
    Level 3:
       An untended shop, a grave.
    Level 4:
    Level 5:
       An altar to Tyr, a grave.
    Level 6:
    Level 7:
       Oracle of Delphi.
    Level 8:
       A food shop, a fountain.
       Stairs up to Sokoban, level 7.
    Level 9:
       A grave.
       Final resting place for
          ArrBianca-Tou-Hum-Fem-Neu, killed by a wolf.
    Level 10:
       A general store.
    Level 11:
       Many trees.
       A very big room.
    Level 12:
    Level 13:
       Portal to The Quest.
    Level 14:
       A potion shop, a grave.
    Level 15:
       An altar to Tyr, a sink.
    Level 16:
    Level 17:
       A grave.
    Level 18:
       A primitive area.
    Level 19:
    Level 20:
    Level 21:
    Level 22: <- You were here.
       Final resting place for
          you, petrified by Medusa.
    Level 23:
    Level 24:
    Level 25:
       The castle (play notes "CEFGB" to open or close drawbridge).
 The Gnomish Mines: levels 3 to 10
    Level 3:
    Level 4:
    Level 5:
       Many shops, a temple and an altar to Tyr, some fountains.
    Level 6:
    Level 7:
    Level 8:
    Level 9:
    Level 10:
       Some fountains.
 The Quest: levels 1 to 6
    Level 1:
       A fountain.
       Completed quest for the Norn.
    Level 2:
    Level 3:
    Level 4:
    Level 5:
    Level 6:
 Sokoban: levels 7 up to 4
    Level 4:
       Solved.
    Level 5:
       Solved.
    Level 6:
       Solved.
    Level 7:
       Solved.


Vanquished creatures:
  a master lich
  a gray dragon
  a green dragon
    Lord Surtur
  a stone golem
  2 titanotheres
  a baby gray dragon
  a guardian naga
  2 genetic engineers
  9 shopkeepers
the Oracle
 an aligned cleric
  2 captains
  a lich
  2 clay golems
  a nurse
  a lurker above
  2 Aleaxes
  2 frost giants
  a golden naga
  3 vampires
  a lieutenant
  a watch captain
  8 ghosts
  3 giant mimics
  a zruty
 28 fire giants
  2 ice trolls
 an umber hulk
  2 flesh golems
  3 elven monarchs
  a doppelganger
  4 large mimics
  2 couatls
  3 stalkers
  2 air elementals
  3 fire elementals
  2 earth elementals
  2 water elementals
  2 giant mummies
  4 black nagas
  3 xorns
  3 giant zombies
 11 elf-nobles
  a sergeant
  a water demon
  a vrock
 18 wargs
  a winter wolf
 13 small mimics
  3 glass piercers
  2 warhorses
  a steam vortex
  3 xans
  5 ettin mummies
  2 ogre leaders
  5 quantum mechanics
  6 trolls
  5 wood golems
  4 sharks
  6 electric eels
  2 gelatinous cubes
  a pyrolisk
  2 large dogs
  5 freezing spheres
  6 flaming spheres
  4 shocking spheres
  3 large cats
  4 tigers
  2 gargoyles
  4 dwarf rulers
  7 tengu
  2 ochre jellies
  3 leocrottas
  2 energy vortices
  3 mountain centaurs
  8 stone giants
  3 elf mummies
  6 human mummies
  3 red nagas
  6 pythons
  2 pit vipers
  2 cobras
  4 wraiths
  2 carnivorous apes
  3 ettin zombies
  2 leather golems
  8 Grey-elves
  3 soldiers
  4 watchmen
 an amorous demon
  7 chameleons
  3 crocodiles
  9 giant beetles
  7 quivering blobs
  6 cockatrices
 17 wolves
  7 winter wolf cubs
  2 lynxes
  2 panthers
  4 gremlins
  2 spotted jellies
 90 leprechauns
  3 orc-captains
 an iron piercer
  3 mumakil
  7 giant spiders
  6 scorpions
  3 horses
  4 ice vortices
  4 black lights
  6 vampire bats
  4 forest centaurs
  4 gnome rulers
  3 orc mummies
  4 dwarf mummies
  7 ogres
  9 brown puddings
 10 rust monsters
 10 owlbears
  6 yetis
  3 gold golems
  3 werewolves
 18 Green-elves
  2 giant eels
 16 lizards
  2 warriors
  a chickatrice
  2 dingoes
  3 dogs
  4 housecats
  6 jaguars
  9 dwarf leaders
  5 blue jellies
  6 white unicorns
  3 gray unicorns
  3 black unicorns
  4 dust vortices
  8 ravens
  2 plains centaurs
  5 gnome mummies
 13 snakes
  5 apes
  9 human zombies
  7 rope golems
 20 Woodland-elves
 13 soldier ants
 79 fire ants
  7 bugbears
  3 imps
  8 quasits
  7 wood nymphs
 10 water nymphs
 10 mountain nymphs
  4 Mordor orcs
  2 orc shamans
 13 rock piercers
 10 rock moles
  5 ponies
  6 fog clouds
 17 yellow lights
  6 shriekers
  5 violet fungi
 11 gnome leaders
  3 gnomish wizards
  3 kobold mummies
  a golden naga hatchling
  a guardian naga hatchling
  8 gray oozes
  2 barrow wights
  4 elf zombies
  6 ghouls
  3 straw golems
  4 paper golems
  2 jellyfish
 21 giant ants
  2 little dogs
 19 floating eyes
  3 kittens
  7 dwarves
  4 homunculi
  5 kobold leaders
  5 kobold shamans
 29 hill orcs
 18 rothes
  8 rabid rats
  7 centipedes
  7 giant bats
  3 monkeys
 an orc zombie
 16 dwarf zombies
  3 wererats
  a werejackal
 14 iguanas
 59 killer bees
  7 acid blobs
 11 coyotes
  3 gas spores
  2 hobbits
 10 manes
  3 large kobolds
 16 hobgoblins
  8 giant rats
  9 cave spiders
  2 brown molds
  8 yellow molds
  4 red molds
 35 gnomes
  8 garter snakes
  6 gnome zombies
 14 geckos
 10 jackals
  2 foxes
  2 kobolds
 11 goblins
 14 grid bugs
  7 bats
 14 lichens
  5 kobold zombies
 16 newts
1434 creatures vanquished.

Genocided species:
 minotaurs
 electric eels
2 species genocided.

Game over:
                       ----------
                      /          \
                     /    REST    \
                    /      IN      \
                   /     PEACE      \
                  /                  \
                  |     Anarchos     |
                  |     14371 Au     |
                  |   petrified by   |
                  |      Medusa      |
                  |                  |
                  |                  |
                  |       2026       |
                 *|     *  *  *      | *
        _________)/\\_//(\/(/\)/\//\/|_)_______

Farvel Anarchos the Valkyrie...

You turned to stone in The Dungeons of Doom on dungeon level 22 with 225588 points,
and 14371 pieces of gold, after 52463 moves.
You were level 14 with a maximum of 234 hit points when you turned to stone.

